[Event "December 19 Early 2023"]
[Site "https://www.chess.com"]
[Date "2023.12.19"]
[Round "1"]
[White "Carlsen, Magnus"]
[Black "Davidson, Kevin"]
[Result "1-0"]
[Board "1"]
[TimeControl "180+1"]
[WhiteFideId "1503014"]
[BlackFideId "2056810"]
[WhiteElo "2887"]
[BlackElo "2151"]
[WhiteTeam "NOR"]
[BlackTeam "USA"]
[WhiteClock "0:02:03"]
[BlackClock "0:00:10"]

1. g3 Nf6 2. c4 g6 3. Nc3 Bg7 4. Bh3 O-O 5. Nf3 c5 6. O-O Nc6 7. d3 d6 8. Bxc8 Qxc8 9. Bg5 a6 10. Rb1 Rb8 11. Nd5 b5 12. Bxf6 exf6 13. b4 f5 14. bxc5 dxc5 15. cxb5 axb5 16. Qc2 Qe6 17. Qxc5 Rfc8 18. Rxb5 Rxb5 19. Qxb5 Qxe2 20. Kg2 Nd4 21. Nxd4 Bxd4 22. Qd7 Rc2 23. Ne7+ Kf8 24. Qd8+ Kg7 25. Qxd4+ f6 26. Nd5 Qe6 27. Re1 Qxe1 28. Qxf6+ Kh6 29. Qh4+ Kg7 30. Qf6+ Kh6 31. Qf8+ Kg5 32. h4+ Kg4 33. Nf6# 1-0

[Event "December 19 Early 2023"]
[Site "https://www.chess.com"]
[Date "2023.12.19"]
[Round "1"]
[White "Tikhonov, Viacheslav"]
[Black "Nakamura, Hikaru"]
[Result "0-1"]
[Board "2"]
[TimeControl "180+1"]
[WhiteFideId "44196407"]
[BlackFideId "2016192"]
[WhiteElo "2209"]
[BlackElo "2874"]
[WhiteTeam "RUS"]
[BlackTeam "USA"]
[WhiteClock "0:00:02"]
[BlackClock "0:02:08"]

1. e4 c6 2. d4 d5 3. Nc3 dxe4 4. Nxe4 Nf6 5. Nxf6+ gxf6 6. g3 Bf5 7. Bg2 e6 8. Nf3 Qa5+ 9. c3 Qa6 10. Nh4 Bd3 11. b3 Nd7 12. c4 Bb4+ 13. Bd2 Qa5 14. Bxb4 Qxb4+ 15. Qd2 Qxd2+ 16. Kxd2 Bg6 17. f4 O-O-O 18. Kc3 f5 19. b4 Nf6 20. Rhe1 Bh5 21. Re5 Rd6 22. d5 cxd5 23. cxd5 Rhd8 24. Rae1 Nxd5+ 25. Bxd5 Rxd5 26. Rxd5 Rxd5 27. Ng2 Bf3 28. Ne3 Rd7 29. Nc4 Bd5 30. Ne5 Rc7+ 31. Kb2 f6 32. Nd3 b6 33. a3 Be4 34. Re3 Kd7 35. Kb3 Kd6 36. Nf2 Kd5 37. Re1 Kd4 38. Re2 Rc3+ 39. Ka4 Kc4 40. Ra2 Bc6+ 41. b5 Bxb5# 0-1

[Event "December 19 Early 2023"]
[Site "https://www.chess.com"]
[Date "2023.12.19"]
[Round "1"]
[White "Vachier-Lagrave, Maxime"]
[Black "Martinez Reyes, Pedro Ramon"]
[Result "1-0"]
[Board "3"]
[TimeControl "180+1"]
[WhiteFideId "623539"]
[BlackFideId "3901807"]
[WhiteElo "2748"]
[BlackElo "2327"]
[WhiteTeam "FRA"]
[BlackTeam "VEN"]
[WhiteClock "0:02:04"]
[BlackClock "0:01:09"]

1. e4 e6 2. d4 d5 3. Bd3 dxe4 4. Bxe4 Nf6 5. Bf3 Nbd7 6. Nc3 Bd6 7. g4 e5 8. g5 exd4 9. Qxd4 Qe7+ 10. Be3 Ng8 11. Nd5 Qe5 12. O-O-O Ne7 13. Qd2 Nxd5 14. Bxd5 O-O 15. Nf3 Qf5 16. Qe2 Nb6 17. Bb3 Be6 18. Nd4 Qh3 19. Nxe6 fxe6 20. Bxb6 1-0

[Event "December 19 Early 2023"]
[Site "https://www.chess.com"]
[Date "2023.12.19"]
[Round "1"]
[White "Devaev, Alexander"]
[Black "Nihal Sarin"]
[Result "0-1"]
[Board "4"]
[TimeControl "180+1"]
[WhiteFideId "4169395"]
[BlackFideId "25092340"]
[WhiteElo "2172"]
[BlackElo "2689"]
[WhiteTeam "RUS"]
[BlackTeam "IND"]
[WhiteClock "0:00:00"]
[BlackClock "0:02:23"]

1. d4 a6 2. Nf3 d5 3. Bf4 Nf6 4. e3 Bg4 5. c4 e6 6. Nc3 Nc6 7. cxd5 exd5 8. Be2 Bb4 9. Rc1 O-O 10. O-O Re8 11. h3 Bh5 12. Ne5 Ne7 13. Bxh5 Nxh5 14. Qxh5 g6 15. Qd1 c6 16. a3 Bd6 17. Nd3 Nf5 18. Bxd6 Qxd6 19. Nc5 Re7 20. b4 Rae8 21. Qd2 h5 22. Nd3 Qf6 23. Ne5 Nh4 24. f4 Nf5 25. Nd1 h4 26. Nf2 Ng3 27. a4 Qf5 28. Rfe1 f6 29. Neg4 Kg7 30. Qc2 Qxf4 31. Nh1 Qg5 32. Nxg3 hxg3 33. Qc3 Re4 34. Kf1 Qh5 35. Qd2 Rh8 36. b5 axb5 37. axb5 Rxg4 38. hxg4 Qxg4 0-1

[Event "December 19 Early 2023"]
[Site "https://www.chess.com"]
[Date "2023.12.19"]
[Round "1"]
[White "Naroditsky, Daniel"]
[Black "Iljin, Timofey"]
[Result "1-0"]
[Board "5"]
[TimeControl "180+1"]
[WhiteFideId "2026961"]
[BlackFideId "14110180"]
[WhiteElo "2639"]
[BlackElo "2380"]
[WhiteTeam "USA"]
[BlackTeam "UKR"]
[WhiteClock "0:00:28"]
[BlackClock "0:00:12"]

1. e4 e5 2. Nf3 Nc6 3. Nc3 Nf6 4. g3 d5 5. exd5 Nxd5 6. Bg2 Nxc3 7. bxc3 Bg4 8. h3 Bh5 9. O-O Bd6 10. d3 O-O 11. Rb1 Rb8 12. Re1 Re8 13. g4 Bg6 14. Nd2 e4 15. Nxe4 Bxe4 16. Bxe4 Qh4 17. Qf3 Ne5 18. Qg2 c6 19. Bf4 Rbd8 20. Bg3 Qh6 21. Rxb7 Qd2 22. Rbb1 Qxc3 23. Re2 Qd4 24. Rbe1 Bb4 25. Bxe5 Qc5 26. d4 Qa5 27. Rb1 c5 28. Bc6 Re7 29. d5 Qxa2 30. Qf1 Qc4 31. Re3 Qd4 32. Bxd4 cxd4 33. Rxe7 Bxe7 34. Qe2 1-0

[Event "December 19 Early 2023"]
[Site "https://www.chess.com"]
[Date "2023.12.19"]
[Round "1"]
[White "Durucay, Uygar"]
[Black "Le, Tuan Minh"]
[Result "0-1"]
[Board "6"]
[TimeControl "180+1"]
[WhiteFideId "44591560"]
[BlackFideId "12401153"]
[WhiteElo "1913"]
[BlackElo "2561"]
[WhiteTeam "TUR"]
[BlackTeam "VIE"]
[WhiteClock "0:00:13"]
[BlackClock "0:01:10"]

1. d4 d5 2. c4 c6 3. cxd5 cxd5 4. Bf4 Nf6 5. e3 Nc6 6. Nc3 a6 7. Bd3 Bg4 8. Nge2 e6 9. O-O Bd6 10. Bxd6 Qxd6 11. a3 O-O 12. Rc1 Bh5 13. b4 Rac8 14. Qb3 Bg6 15. Nf4 Nxd4 16. Qb2 Nc6 17. Rfd1 Ne5 18. Bxg6 hxg6 19. Na4 Ne4 20. Nc5 Nxc5 21. bxc5 Qc7 22. Rb1 Nc4 23. Qxb7 Qxb7 24. Rxb7 Rxc5 25. Ra7 Ra5 26. Rb1 Rxa3 27. h4 Ne5 28. Rbb7 Ra2 29. Nxe6 Rc8 30. Ng5 Ng4 31. g3 Rc1+ 32. Kg2 Rxf2+ 33. Kh3 Rh1+ 34. Kxg4 f5# 0-1

[Event "December 19 Early 2023"]
[Site "https://www.chess.com"]
[Date "2023.12.19"]
[Round "1"]
[White "Niemann, Hans Moke"]
[Black "Reprintsev, Alexander"]
[Result "1-0"]
[Board "7"]
[TimeControl "180+1"]
[WhiteFideId "2093596"]
[BlackFideId "14100541"]
[WhiteElo "2614"]
[BlackElo "2229"]
[WhiteTeam "USA"]
[BlackTeam "UKR"]
[WhiteClock "0:00:59"]
[BlackClock "0:00:14"]

1. e4 d5 2. exd5 Qxd5 3. Nc3 Qa5 4. d4 Nf6 5. Bc4 Nc6 6. Ne2 Bg4 7. f3 Be6 8. d5 O-O-O 9. Bd2 Qc5 10. dxe6 Qxc4 11. exf7 Qxf7 12. O-O e5 13. Qc1 Bc5+ 14. Be3 Bd4 15. Kh1 Rhe8 16. Ng3 Qc4 17. Bxd4 exd4 18. Nce4 Nxe4 19. Nxe4 Ne5 20. Qd2 h6 21. a4 d3 22. cxd3 Rxd3 23. Qf4 Qf7 24. Qg3 g5 25. Rfe1 Kb8 26. a5 Qf4 27. Qxf4 gxf4 28. Nf6 Re6 29. Ng4 Rd5 30. Re4 h5 31. Nf2 Red6 32. Rae1 Nc6 33. Rxf4 Nxa5 34. h4 c5 35. g4 hxg4 36. fxg4 Nc6 37. g5 Nd4 38. Ng4 Ne6 39. Rf6 Ng7 40. Rf7 Nh5 41. Re8+ Rd8 42. Rxd8+ Rxd8 43. Nf6 Rh8 44. Nxh5 Rxh5 45. Rf4 Kc7 46. g6 Rh8 47. Rg4 Kd6 48. g7 Rg8 49. h5 Ke7 50. h6 Kf7 51. h7 Rxg7 52. Rf4+ 1-0

[Event "December 19 Early 2023"]
[Site "https://www.chess.com"]
[Date "2023.12.19"]
[Round "1"]
[White "Avila Rodriguez, Joshua Ad"]
[Black "So, Wesley"]
[Result "0-1"]
[Board "8"]
[TimeControl "180+1"]
[WhiteFideId "5126444"]
[BlackFideId "5202213"]
[WhiteElo "2097"]
[BlackElo "2767"]
[WhiteTeam "MEX"]
[BlackTeam "USA"]
[WhiteClock "0:00:00"]
[BlackClock "0:00:42"]

1. e4 c5 2. Nf3 d6 3. d4 cxd4 4. Nxd4 Nf6 5. Nc3 Nc6 6. Bg5 e6 7. Qd2 a6 8. O-O-O Bd7 9. Kb1 b5 10. Nxc6 Bxc6 11. f3 Be7 12. h4 O-O 13. Ne2 Qc7 14. Nd4 Rfc8 15. Bd3 b4 16. h5 a5 17. g4 a4 18. Be3 d5 19. g5 dxe4 20. gxf6 Bxf6 21. fxe4 a3 22. Rdf1 axb2 23. Rxf6 Bd5 24. exd5 Qa5 25. Bxh7+ Kh8 0-1

[Event "December 19 Early 2023"]
[Site "https://www.chess.com"]
[Date "2023.12.19"]
[Round "1"]
[White "Shimanov, Aleksandr"]
[Black "Sharapov, Evgeny"]
[Result "0-1"]
[Board "9"]
[TimeControl "180+1"]
[WhiteFideId "4198603"]
[BlackFideId "14103133"]
[WhiteElo "2611"]
[BlackElo "2358"]
[WhiteTeam "RUS"]
[BlackTeam "UKR"]
[WhiteClock "0:00:00"]
[BlackClock "0:00:31"]

1. b3 e5 2. Bb2 Nc6 3. c4 Nf6 4. Nf3 d6 5. e3 Be7 6. d4 exd4 7. Nxd4 Nxd4 8. Qxd4 O-O 9. Be2 c5 10. Qc3 d5 11. cxd5 Qxd5 12. Bf3 Qg5 13. h4 Qf5 14. Nd2 Be6 15. g4 Qg6 16. h5 Qg5 17. h6 Bxg4 18. O-O-O Bxf3 19. Nxf3 Qf5 20. hxg7 Rfd8 21. Ne5 Ne4 22. Qc4 b5 23. Qxb5 Nxf2 24. Rxd8+ Rxd8 25. Nc6 Qd7 26. Rf1 Nd3+ 27. Qxd3 Qxc6 28. Qf5 Qg6 29. Qe5 Qd3 30. Rh1 Bf6 31. Qxf6 Qxe3+ 32. Kc2 Qe4+ 0-1

[Event "December 19 Early 2023"]
[Site "https://www.chess.com"]
[Date "2023.12.19"]
[Round "1"]
[White "Horak, Martin"]
[Black "Bluebaum, Matthias"]
[Result "0-1"]
[Board "10"]
[TimeControl "180+1"]
[WhiteFideId "367095"]
[BlackFideId "24651516"]
[WhiteElo "2091"]
[BlackElo "2621"]
[WhiteTeam "CZE"]
[BlackTeam "GER"]
[WhiteClock "0:00:00"]
[BlackClock "0:01:52"]

1. e4 e6 2. d4 d5 3. Nc3 Nf6 4. Bg5 dxe4 5. Nxe4 Be7 6. Nxf6+ Bxf6 7. Bxf6 Qxf6 8. Nf3 O-O 9. Bd3 c5 10. O-O cxd4 11. Nxd4 e5 12. Nb5 Nc6 13. Nd6 Rd8 14. Nxc8 Raxc8 15. Qe2 g6 16. c3 Kg7 17. Bb1 Qf4 18. Bd3 Rd6 19. g3 Qf6 20. Rad1 Rcd8 21. Be4 Qe6 22. Bxc6 bxc6 23. b3 e4 24. Rfe1 f5 25. Kg2 Qf6 26. c4 Rd3 27. Rxd3 Rxd3 28. Qc2 Qd4 29. Re2 c5 30. Qb2 h5 31. h4 Qxb2 32. Rxb2 a5 33. Kf1 Rd1+ 34. Ke2 Ra1 35. Rd2 Kf6 36. Ke3 Re1+ 37. Kf4 e3 38. Rc2 exf2 39. Rxf2 Rd1 40. Re2 Rd4+ 41. Kf3 a4 42. Re3 Rd2 43. bxa4 Rxa2 44. Rc3 Rxa4 45. Ke3 Ke5 46. Rc2 Ra3+ 47. Kf2 Kd4 48. Re2 Ra6 49. Rc2 Kd3 50. Rc1 Ra3 51. Rd1+ Kxc4 52. Rd6 Kb5 53. Rxg6 c4 54. Rg5 c3 55. Rxf5+ Kb4 56. Rf4+ Kb3 57. Rf8 c2 58. Rc8 Kb2 59. g4 hxg4 0-1

[Event "December 19 Early 2023"]
[Site "https://www.chess.com"]
[Date "2023.12.19"]
[Round "1"]
[White "Pranav, V"]
[Black "Parfenov, Viktor N."]
[Result "1-0"]
[Board "11"]
[TimeControl "180+1"]
[WhiteFideId "25060783"]
[BlackFideId "4165969"]
[WhiteElo "2562"]
[BlackElo "2093"]
[WhiteTeam "IND"]
[BlackTeam "RUS"]
[WhiteClock "0:01:01"]
[BlackClock "0:00:13"]

1. e4 e5 2. Nf3 Nc6 3. Bb5 a6 4. Ba4 Nf6 5. O-O Bc5 6. c3 O-O 7. d4 Ba7 8. Re1 d6 9. h3 h6 10. dxe5 Nxe5 11. Nxe5 dxe5 12. Qf3 Be6 13. Nd2 Qe7 14. Nf1 Kh7 15. Ng3 g6 16. Bb3 Bxb3 17. axb3 Kg7 18. b4 Qe6 19. Qe2 Rfd8 20. Kh2 Rd7 21. Rf1 Re8 22. Be3 Bxe3 23. fxe3 Red8 24. Rf2 Ne8 25. Raf1 Nd6 26. h4 h5 27. Rf3 Qg4 28. Qf2 Qxh4+ 29. Kg1 Qg4 30. Qe2 Nxe4 31. Nxe4 Qxe4 32. Qf2 f5 33. Qg3 Kh7 34. Qg5 Rd2 35. Rg3 R8d6 36. Kh2 Re2 37. Rff3 Rdd2 38. Qxg6+ 1-0

[Event "December 19 Early 2023"]
[Site "https://www.chess.com"]
[Date "2023.12.19"]
[Round "1"]
[White "Kanyamarala, Tarun"]
[Black "Mamedyarov, Shakhriyar"]
[Result "0-1"]
[Board "12"]
[TimeControl "180+1"]
[WhiteFideId "45004714"]
[BlackFideId "13401319"]
[WhiteElo "2318"]
[BlackElo "2716"]
[WhiteTeam "IRL"]
[BlackTeam "AZE"]
[WhiteClock "0:00:01"]
[BlackClock "0:00:19"]

1. d4 Nf6 2. c4 e5 3. dxe5 Ng4 4. e4 Nxe5 5. f4 Nec6 6. Nc3 Bc5 7. Na4 Bb4+ 8. Bd2 a5 9. Nf3 d6 10. Bd3 Bg4 11. O-O Nd7 12. Be3 O-O 13. Bc2 Re8 14. h3 Bxf3 15. Qxf3 Nc5 16. Rad1 Qe7 17. Nxc5 Bxc5 18. Rfe1 Nb4 19. Bb1 Rad8 20. a3 Na6 21. Bc2 c6 22. Qf2 g6 23. Kh1 Bxe3 24. Rxe3 Qf6 25. Bb1 Nc5 26. Rde1 a4 27. Rf3 b6 28. g4 Re7 29. g5 Qe6 30. Qf1 Rde8 31. e5 dxe5 32. f5 Qd7 33. f6 Re6 34. Qf2 e4 35. Qh4 exf3 36. Rf1 h5 37. gxh6 Qd2 38. h7+ Kh8 39. Rxf3 Re1+ 0-1

[Event "December 19 Early 2023"]
[Site "https://www.chess.com"]
[Date "2023.12.19"]
[Round "1"]
[White "Suleymanli, Aydin"]
[Black "Nurgaliyeva, Zarina"]
[Result "1-0"]
[Board "13"]
[TimeControl "180+1"]
[WhiteFideId "13413937"]
[BlackFideId "13730096"]
[WhiteElo "2553"]
[BlackElo "2001"]
[WhiteTeam "AZE"]
[BlackTeam "KAZ"]
[WhiteClock "0:00:05"]
[BlackClock "0:00:02"]

1. e4 e5 2. Nf3 Nc6 3. Bc4 Bc5 4. d3 h6 5. c3 d6 6. b4 Bb6 7. a4 a5 8. b5 Nce7 9. Qb3 f5 10. Nh4 Nf6 11. Bf7+ Kf8 12. Bg6 d5 13. Ba3 Kg8 14. Bxe7 Qxe7 15. Nxf5 Bxf5 16. Bxf5 Rd8 17. O-O Qf7 18. Nd2 g6 19. Bh3 Kg7 20. Qc2 Nh5 21. g3 Rhf8 22. Kh1 dxe4 23. Nxe4 Qf3+ 24. Bg2 Qxd3 25. Qb3 Qd5 26. Qxd5 Rxd5 27. c4 Rd4 28. c5 Ba7 29. Rfb1 Nf6 30. b6 cxb6 31. cxb6 Bxb6 32. Nc3 Nd7 33. Nd5 Bc5 34. Rxb7 Rf7 35. Rc1 Rd2 36. Nc7 Bxf2 37. Rf1 Nc5 38. Ra7 Nxa4 39. Rxa5 Rxc7 40. Rxa4 Bd4 41. Be4 h5 42. Ra6 Rcc2 43. Rxg6+ Kh7 44. Rf7+ Kh8 45. Rf8+ Kh7 46. Rg4+ Kh6 47. Rh8# 1-0

[Event "December 19 Early 2023"]
[Site "https://www.chess.com"]
[Date "2023.12.19"]
[Round "1"]
[White "Pesotskiy, Mikhail"]
[Black "Keymer, Vincent"]
[Result "0-1"]
[Board "14"]
[TimeControl "180+1"]
[WhiteFideId "34164453"]
[BlackFideId "12940690"]
[WhiteElo "2078"]
[BlackElo "2629"]
[WhiteTeam "RUS"]
[BlackTeam "GER"]
[WhiteClock "0:00:10"]
[BlackClock "0:00:21"]

1. d4 Nf6 2. c4 e6 3. Nc3 Bb4 4. Qc2 d6 5. a3 Bxc3+ 6. Qxc3 O-O 7. Bg5 Nbd7 8. e3 h6 9. Bh4 e5 10. Bd3 Re8 11. Ne2 Nf8 12. O-O e4 13. Bc2 Ng6 14. Bxf6 Qxf6 15. f3 exf3 16. Rxf3 Qh4 17. Ng3 Bg4 18. Nf5 Qh5 19. Rf2 Qg5 20. Raf1 Rf8 21. e4 Rae8 22. h3 Bxf5 23. Rxf5 Qe7 24. Qg3 c5 25. Rd5 cxd4 26. Qxd6 Rd8 27. Qg3 Qe6 28. Rd1 Ne7 29. R1xd4 Nxd5 30. exd5 Qf6 31. Rf4 Qxb2 32. Qd3 g6 33. Rg4 Qb6+ 34. Kh1 Qf6 35. c5 Rfe8 36. d6 b6 37. d7 Re1+ 38. Kh2 bxc5 39. Re4 Rxe4 40. Qxe4 Qd6+ 0-1

[Event "December 19 Early 2023"]
[Site "https://www.chess.com"]
[Date "2023.12.19"]
[Round "1"]
[White "Zemlyanskii, Ivan"]
[Black "musclemonster12"]
[Result "1-0"]
[Board "15"]
[TimeControl "180+1"]
[WhiteFideId "24249971"]
[WhiteElo "2418"]
[BlackElo "2516"]
[WhiteTeam "RUS"]
[WhiteClock "0:00:53"]
[BlackClock "0:00:14"]

1. d4 Nf6 2. c4 e6 3. Bf4 d5 4. Nc3 Be7 5. e3 O-O 6. Nf3 Nbd7 7. cxd5 exd5 8. Bd3 c6 9. Qc2 Re8 10. h3 Nf8 11. O-O Ng6 12. Bh2 Bd6 13. Bxd6 Qxd6 14. Rab1 a5 15. a3 Qe7 16. Rfc1 Ne4 17. b4 axb4 18. axb4 f5 19. b5 f4 20. bxc6 bxc6 21. Nxe4 dxe4 22. Qxc6 Bd7 23. Qd5+ Kh8 24. Bxe4 Qxe4 25. Qxd7 fxe3 26. fxe3 Qxe3+ 27. Kh1 Rad8 28. Qc6 Nf4 29. Re1 Ne2 30. Rb2 Nxd4 31. Qxe8+ 1-0

[Event "December 19 Early 2023"]
[Site "https://www.chess.com"]
[Date "2023.12.19"]
[Round "1"]
[White "Ronka, Erik"]
[Black "Deac, Bogdan-Daniel"]
[Result "0-1"]
[Board "16"]
[TimeControl "180+1"]
[WhiteFideId "505080"]
[BlackFideId "1226380"]
[WhiteElo "2264"]
[BlackElo "2641"]
[WhiteTeam "FIN"]
[BlackTeam "ROU"]
[WhiteClock "0:00:01"]
[BlackClock "0:01:34"]

1. e4 c6 2. d4 d5 3. Nd2 Qc7 4. Ngf3 Bg4 5. Bd3 e6 6. O-O Nf6 7. h3 Bh5 8. Qe2 Be7 9. c3 c5 10. dxc5 Bxc5 11. e5 Nfd7 12. Re1 Nc6 13. g4 Bg6 14. Nb3 Bxd3 15. Qxd3 Ncxe5 16. Nxe5 Nxe5 17. Rxe5 Bxf2+ 18. Kxf2 Qxe5 19. Qg3 Qxg3+ 20. Kxg3 e5 21. Be3 b6 22. a4 f6 23. a5 Kf7 24. Ra4 Rhb8 25. axb6 axb6 26. Rb4 b5 27. Nc5 Ke7 28. h4 Kd6 29. Kf3 Kc6 30. Ne6 g6 31. g5 f5 32. h5 Ra4 33. h6 Rxb4 34. cxb4 d4 35. Bg1 Kd5 36. Bh2 Kxe6 0-1

[Event "December 19 Early 2023"]
[Site "https://www.chess.com"]
[Date "2023.12.19"]
[Round "1"]
[White "Sarana, Alexey"]
[Black "Olsson, Linus"]
[Result "1-0"]
[Board "17"]
[TimeControl "180+1"]
[WhiteFideId "24133795"]
[BlackFideId "1706098"]
[WhiteElo "2707"]
[BlackElo "2222"]
[WhiteTeam "SRB"]
[BlackTeam "SWE"]
[WhiteClock "0:00:20"]
[BlackClock "0:00:01"]

1. d4 Nf6 2. c4 e5 3. dxe5 Ne4 4. a3 d6 5. Nf3 Nc6 6. exd6 Bxd6 7. Nbd2 Bf5 8. e3 Qe7 9. Nxe4 Bxe4 10. Nd2 O-O-O 11. b4 Be5 12. Ra2 Bc3 13. Qb3 Qe5 14. h4 Rd7 15. f4 Qf6 16. Kf2 Bf5 17. Nf3 Re8 18. Be2 h6 19. Rd1 Rxd1 20. Bxd1 Be4 21. g3 Rd8 22. Be2 Kb8 23. Bd2 Bxd2 24. Nxd2 Bf5 25. Nf3 a6 26. Rd2 Re8 27. b5 Na5 28. Qb4 b6 29. c5 Ka7 30. Ne5 Rxe5 31. fxe5 Qxe5 32. cxb6+ cxb6 33. bxa6 Nc6 34. Qf4 Qe6 35. Rd6 Qe5 36. Rxc6 Qxf4+ 37. gxf4 Be6 38. Rc7+ Kb8 39. Re7 1-0

[Event "December 19 Early 2023"]
[Site "https://www.chess.com"]
[Date "2023.12.19"]
[Round "1"]
[White "Berezin, Viktor"]
[Black "Tabatabaei, M. Amin"]
[Result "0-1"]
[Board "18"]
[TimeControl "180+1"]
[WhiteFideId "14107872"]
[BlackFideId "12521213"]
[WhiteElo "2310"]
[BlackElo "2573"]
[WhiteTeam "UKR"]
[BlackTeam "IRI"]
[WhiteClock "0:00:41"]
[BlackClock "0:02:01"]

1. Nf3 d5 2. c4 c6 3. d4 Nf6 4. Nc3 e6 5. e3 Nbd7 6. Bd3 dxc4 7. Bxc4 b5 8. Bd3 a6 9. Ne4 Bb7 10. O-O c5 11. Nxf6+ Qxf6 12. e4 cxd4 13. Bg5 Qg6 14. Re1 Bb4 15. Bd2 Bxd2 16. Qxd2 O-O 17. Nxd4 Ne5 18. Qe3 Rfd8 19. Kh1 Nxd3 20. Qxd3 e5 21. Rac1 Rxd4 22. Qe3 Rxe4 0-1

[Event "December 19 Early 2023"]
[Site "https://www.chess.com"]
[Date "2023.12.19"]
[Round "1"]
[White "Paravyan, David"]
[Black "Musalov, Ruslan"]
[Result "1-0"]
[Board "19"]
[TimeControl "180+1"]
[WhiteFideId "4194985"]
[BlackFideId "4141490"]
[WhiteElo "2566"]
[BlackElo "2268"]
[WhiteTeam "FID"]
[BlackTeam "RUS"]
[WhiteClock "0:00:45"]
[BlackClock "0:00:00"]

1. e4 c5 2. Nf3 d6 3. d4 cxd4 4. Nxd4 Nf6 5. Nc3 a6 6. f3 e5 7. Nb3 Be7 8. Be3 Be6 9. Qd2 O-O 10. O-O-O Nbd7 11. g4 b5 12. g5 b4 13. gxf6 bxc3 14. Qxc3 Nxf6 15. Na5 Qd7 16. Qc6 Rfc8 17. Qxd7 Nxd7 18. b3 f5 19. Bc4 Bxc4 20. Nxc4 fxe4 21. fxe4 Rc6 22. Rhe1 h6 23. Kb2 Nf6 24. Nb6 Re8 25. Bg1 Bf8 26. c4 a5 27. a4 Rb8 28. c5 dxc5 29. Nc4 Ra6 30. Kc2 Ra7 31. Nxe5 Rab7 32. Nc6 Re8 33. e5 Ng4 34. h3 Rc7 35. Nxa5 Nxe5 36. Nc4 Rce7 37. Bxc5 Re6 38. Bxf8 Nxc4 39. Rxe6 Rxe6 40. bxc4 Kxf8 41. a5 Re3 42. Ra1 Ke7 43. a6 1-0

[Event "December 19 Early 2023"]
[Site "https://www.chess.com"]
[Date "2023.12.19"]
[Round "1"]
[White "Zimmermann, Ulrich"]
[Black "Esipenko, Andrey"]
[Result "1-0"]
[Board "20"]
[TimeControl "180+1"]
[WhiteFideId "24654523"]
[BlackFideId "24175439"]
[WhiteElo "2223"]
[BlackElo "2615"]
[WhiteTeam "GER"]
[BlackTeam "FID"]
[WhiteClock "0:00:20"]
[BlackClock "0:00:00"]

1. Nf3 b5 2. g3 Bb7 3. Bg2 g6 4. O-O Bg7 5. c3 a6 6. a4 d6 7. axb5 axb5 8. Rxa8 Bxa8 9. Qb3 c6 10. Na3 Nd7 11. Nd4 Qc8 12. d3 Ngf6 13. Bg5 O-O 14. Ra1 Bb7 15. c4 Nc5 16. Qc2 h6 17. Bd2 bxc4 18. Nxc4 Nd5 19. Nb3 Na6 20. Nba5 Ba8 21. Bc3 Nxc3 22. bxc3 Qc7 23. Rb1 Rb8 24. Rxb8+ Nxb8 25. Nb3 d5 26. Ncd2 Nd7 27. c4 Qb8 28. h4 e6 29. Na5 Qb4 30. cxd5 Qxa5 31. dxc6 Nb6 32. c7 1-0

[Event "December 19 Early 2023"]
[Site "https://www.chess.com"]
[Date "2023.12.19"]
[Round "1"]
[White "Muradli, Mahammad"]
[Black "Dinu, Dumitru-Daniel"]
[Result "0-1"]
[Board "21"]
[TimeControl "180+1"]
[WhiteFideId "13409301"]
[BlackFideId "1208403"]
[WhiteElo "2551"]
[BlackElo "2240"]
[WhiteTeam "AZE"]
[BlackTeam "ROU"]
[WhiteClock "0:00:04"]
[BlackClock "0:00:18"]

1. Nf3 Nf6 2. b3 c5 3. c4 Nc6 4. Bb2 g6 5. g3 Bg7 6. Bg2 O-O 7. O-O b6 8. d4 cxd4 9. Nxd4 Bb7 10. Nc3 a6 11. Rc1 Ra7 12. Nd5 e6 13. Nc3 Nxd4 14. Qxd4 Bxg2 15. Kxg2 d5 16. Rfd1 Rd7 17. c5 Ne4 18. Qxg7+ Kxg7 19. Nxe4+ f6 20. Ng5 Qe7 21. cxb6 e5 22. Nf3 Rb8 23. Rc6 d4 24. Rdc1 Qd8 25. Nd2 Rxb6 26. Rc8 Qe7 27. Nc4 Rbb7 28. Ba3 Qe6 29. Bf8+ Kf7 30. Bh6 Rdc7 31. Rf8+ Ke7 32. Rh8 Qd5+ 33. f3 Ke6 34. Re8+ Re7 35. Rh8 Rbc7 36. Rd1 e4 37. Kf2 Qh5 38. Bf4 Qxh2+ 39. Ke1 Qg1+ 40. Kd2 e3+ 41. Kc2 Qf2 42. Rxd4 Qxe2+ 43. Kc3 Qe1+ 44. Kb2 Qf2+ 45. Ka3 Qxf3 46. Rd6+ Kf5 47. Rf8 Re6 48. Rd4 e2 49. Bd2 e1=Q 50. Bxe1 Rxe1 51. Rf4+ Qxf4 52. gxf4 Re6 53. Nd2 Kxf4 54. Nc4 h5 55. Rg8 g5 56. Kb4 h4 57. a4 h3 58. a5 g4 59. Nb6 h2 60. Rh8 g3 61. Nd5+ Kf3 62. Nxc7 Re4+ 63. Kc5 g2 64. Rxh2 g1=Q+ 65. Kc6 Qxh2 66. Nxa6 Re6+ 67. Kb5 Rxa6 68. Kxa6 Qd6+ 69. Kb5 Qd5+ 70. Ka4 Qc6+ 71. Kb4 Ke4 72. Ka3 Qb5 73. b4 f5 0-1

[Event "December 19 Early 2023"]
[Site "https://www.chess.com"]
[Date "2023.12.19"]
[Round "1"]
[White "Manukyan, Artyom"]
[Black "Ivic, Velimir"]
[Result "0-1"]
[Board "22"]
[TimeControl "180+1"]
[WhiteFideId "13305786"]
[BlackFideId "950122"]
[WhiteElo "2103"]
[BlackElo "2542"]
[WhiteTeam "ARM"]
[BlackTeam "SRB"]
[WhiteClock "0:00:11"]
[BlackClock "0:00:59"]

1. e4 c5 2. Nc3 Nc6 3. Bb5 e6 4. Bxc6 bxc6 5. d3 d5 6. f4 Ba6 7. Nf3 c4 8. e5 cxd3 9. cxd3 Bc5 10. d4 Bb6 11. Kf2 c5 12. Na4 cxd4 13. Nxb6 axb6 14. Qxd4 Ne7 15. Rd1 Nf5 16. Qb4 Rc8 17. Kg1 Be2 18. Re1 Bxf3 19. gxf3 Rc4 20. Qb5+ Qd7 21. Qxd7+ Kxd7 22. Be3 b5 23. b3 Rc3 24. Kf2 Rhc8 25. Re2 Rd3 26. a4 Rcc3 27. a5 Kc8 28. a6 Kb8 29. a7+ Ka8 30. Bb6 Rxf3+ 31. Kg1 Rc6 32. Bf2 Rxb3 33. Raa2 d4 34. Red2 Rb4 35. Kg2 Rc7 36. Rdb2 Rxb2 37. Rxb2 Kxa7 38. Rxb5 Ka6 39. Rb4 Rb7 40. Ra4+ Kb5 41. Ra1 Kc4 42. Rc1+ Kd5 43. Kf3 Rb3+ 44. Kg2 Ke4 0-1

[Event "December 19 Early 2023"]
[Site "https://www.chess.com"]
[Date "2023.12.19"]
[Round "1"]
[White "Terry, Renato"]
[Black "Hamley, Ryan"]
[Result "1-0"]
[Board "23"]
[TimeControl "180+1"]
[WhiteFideId "3803457"]
[BlackFideId "30959497"]
[WhiteElo "2578"]
[BlackElo "2510"]
[WhiteTeam "PER"]
[BlackTeam "USA"]
[WhiteClock "0:01:18"]
[BlackClock "0:00:14"]

1. Nf3 Nf6 2. g3 d5 3. Bg2 Bf5 4. Nh4 Bc8 5. d3 c6 6. O-O g6 7. Nc3 Bg7 8. e4 O-O 9. Qe1 dxe4 10. dxe4 e5 11. Be3 Qc7 12. Rd1 Be6 13. b3 Nbd7 14. Na4 b5 15. Nc5 Nxc5 16. Bxc5 Rfd8 17. Qe3 Nd7 18. Be7 Re8 19. Bd6 Qb6 20. Rfe1 a5 21. Nf3 Bg4 22. Qxb6 Nxb6 23. h3 Bxf3 24. Bxf3 a4 25. Bc7 Nc8 26. Bg4 axb3 27. axb3 Bf8 28. Bd7 Re7 29. Bxc6 Ra2 30. Bd8 Rea7 31. Re2 Ne7 32. Bxb5 Ra8 33. Bc7 Rc8 34. Rd7 Ra7 35. Bxe5 1-0

[Event "December 19 Early 2023"]
[Site "https://www.chess.com"]
[Date "2023.12.19"]
[Round "1"]
[White "Rogov, Matfey"]
[Black "Korobov, Anton"]
[Result "0-1"]
[Board "24"]
[TimeControl "180+1"]
[WhiteFideId "44191308"]
[BlackFideId "14105730"]
[WhiteElo "2057"]
[BlackElo "2649"]
[WhiteTeam "RUS"]
[BlackTeam "UKR"]
[WhiteClock "0:00:16"]
[BlackClock "0:01:07"]

1. e4 c5 2. Nf3 d6 3. d4 cxd4 4. Nxd4 Nf6 5. Nc3 a6 6. a3 e6 7. Be3 b5 8. g4 Bb7 9. Bg2 Be7 10. g5 Nfd7 11. Qd2 Ne5 12. f4 Nc4 13. Qf2 Nd7 14. Bc1 Rc8 15. O-O O-O 16. h4 g6 17. h5 e5 18. fxe5 dxe5 19. Nb3 Nc5 20. Kh1 Ne6 21. Nd5 Bxg5 22. Qg3 Bxc1 23. Nf6+ Kg7 24. Raxc1 Nf4 25. Ng4 Nxh5 26. Qh2 Qg5 27. Bf3 Bxe4 28. Bxe4 Qxg4 29. Bf3 Ng3+ 30. Kg2 Nxf1+ 31. Bxg4 Nxh2 32. Kxh2 f5 33. Be2 Nxb2 34. Rd1 Nxd1 0-1